 Dungeon Crawl Stone Soup version 0.23.2-33-g5129a83184 (webtiles) character file.

Game seed: 4736515015071855230

105 Pizzadoos the Chopper (level 4, -4/40 HPs)
             Began as a Hill Orc Monk on July 13, 2019.
             Slain by an iguana (10 damage)
             ... on level 3 of the Dungeon.
             The game lasted 00:08:36 (1828 turns).

Pizzadoos the Chopper (Hill Orc Monk)               Turns: 1828, Time: 00:08:37

Health: -4/40      AC:  5    Str: 14    XL:     4   Next: 81%
Magic:  5/5        EV: 11    Int: 10    God:
Gold:   116        SH:  0    Dex: 13    Spells: 5/5 levels left

rFire    . . .     SeeInvis .   a - +0 hand axe
rCold    . . .     Gourm    .   (no shield)
rNeg     . . .     Faith    .   k - +0 ring mail
rPois    .         Spirit   .   (no helmet)
rElec    .         Reflect  .   (no cloak)
rCorr    .         Harm     .   (no gloves)
MR       .....                  (no boots)
Stlth    +.........             (no amulet)
HPRegen  0.13/turn              (no ring)
MPRegen  0.09/turn              (no ring)

@: no status effects
A: no striking features
a: no special abilities


You were on level 3 of the Dungeon.
You were not hungry.

You visited 1 branch of the dungeon, and saw 3 of its levels.

You collected 116 gold pieces.

Inventory:

Hand Weapons
 a - a +0 hand axe (weapon)
Missiles
 g - 27 poisoned needles
 h - 42 stones (quivered)
Armour
 b - a +0 robe
 e - a +0 leather armour
 k - a +0 ring mail (worn)
Scrolls
 d - 2 scrolls of identify
 f - 3 scrolls of teleportation
 i - a scroll of amnesia
 l - a scroll of remove curse
 n - a scroll of noise {unknown}
 p - a scroll of fog {unknown}
Potions
 j - a potion of flight {unknown}
 o - a potion of heal wounds {unknown}
 q - a potion of curing {unknown}
Comestibles
 c - a ration
 m - 4 chunks of flesh


   Skills:
 + Level 4.2 Fighting
 + Level 4.7 Axes
 + Level 1.8 Armour
 + Level 2.8 Dodging
 + Level 2.2 Stealth
 + Level 1.0 Spellcasting


You had 5 spell levels left.
You didn't know any spells.
Your spell library was empty.

Dungeon Overview and Level Annotations

Branches:
Dungeon (3/15)

Altars:
Hepliaklqana
The Shining One

Annotations:
D:3 2 transporters, exclusions: downstairs and 1 more exclusion


Message History

You closely miss something. Something hits you but does no damage.
A magic dart appears from out of thin air!
The magic dart hits you.
A bat comes into view.
Found a paperback book.
An adder comes into view.
The adder hisses angrily.
The bat misses you.
You hit the bat.
You kill the bat!
An orc and an orc wizard come into view.
An orc comes into view.
Something hits you but does no damage. The iguana barely misses you.
You barely miss the iguana. The iguana bites you!
* * * LOW HITPOINT WARNING * * *
You hit the iguana.
The iguana is lightly wounded.
The iguana bites you!
You die...

.##.................####....
.##.###############)# .
.##.#8P#≈≈≈≈≈≈≈#P8#.##
.#..#..#..≈≈≈≈P#..#..##
...©#©/+..≈⌠≈≈P+(©#©..#
....#..#..≈P≈≈P#..#...#
....#8P#≈≈≈≈≈;;#P8#...##
.#.###############o...#
.......@lS.o#.###
###########.....# ##.....#
......# ......# ......#
..o.o## .....# ..o...


You could see an iguana, 2 electric eels, an adder and 2 orcs.

Vanquished Creatures
  3 adders (D:2)
  2 worms
  An adder skeleton (D:2)
  2 dart slugs
  3 leopard geckos
  2 orcs (D:3)
  6 bats
  5 giant cockroaches
  9 hobgoblins
  2 quokkas
  A ball python (D:3)
  3 frilled lizards
  3 goblins
  11 kobolds
  6 rats
59 creatures vanquished.

Notes
Turn   | Place    | Note
-------+----------+-------------------------------------------
     0 | D:1      | Pizzadoos the Hill Orc Monk began the quest for the Orb.
     0 | D:1      | Reached XP level 1. HP: 19/19 MP: 1/1
   154 | D:1      | Reached XP level 2. HP: 24/27 MP: 2/2
   310 | D:1      | Found a glowing golden altar of the Shining One.
   349 | D:1      | Reached skill level 1 in Armour
   537 | D:1      | Reached XP level 3. HP: 29/33 MP: 3/3
   915 | D:2      | Reached XP level 4. HP: 34/40 MP: 5/5
  1306 | D:2      | Reached skill level 1 in Spellcasting
  1561 | D:2      | Found a hazy altar of Hepliaklqana.
  1764 | D:3      | Found a transporter.
  1767 | D:3      | Found a transporter.
  1828 | D:3      | Slain by an iguana

Skill      XL: |  1  2  3  4 |
---------------+-------------+-----
Armour         | 1 |  1.8
Stealth        | 2 |  2.2
Fighting       | 4 |  4.2
Spellcasting   | 1 |  1.0
Axes           | |  4.7
Dodging        | |  2.8

Action                   |  1- 3 |  4- 6 || total
-------------------------+-------+-------++-------
Melee: Hand axe          |    95 |    91 ||   186
  Use: Scroll            |     3 |     3 ||     6
 Stab: Sleeping          |     4 |       ||     4
  Eat: Chunk             |       |     3 ||     3
Armor: Leather armour    |     4 |       ||     4
       Ring mail         |    20 |    30 ||    50
Dodge: Dodged            |    57 |    50 ||   107
